[Event "Metz op 31th"]
[Site "Metz"]
[Date "2013.07.25"]
[Round "8"]
[White "Greenfeld, Alon"]
[Black "Svetushkin, Dmitry"]
[Result "1-0"]
[ECO "D44"]
[WhiteElo "2545"]
[BlackElo "2588"]
[Annotator "Metz Alekhine/Primel,D"]
[PlyCount "79"]
[EventDate "2013.04.20"]
[EventType "swiss"]
[EventRounds "9"]
[EventCountry "FRA"]
[SourceTitle "EXT 2016"]
[Source "ChessBase"]
[SourceDate "2015.10.08"]
[SourceVersion "1"]
[SourceVersionDate "2015.10.08"]
[SourceQuality "1"]
[TimeControl "40/5400+30:1200+30"]

1. d4 d5 2. c4 c6 3. Nf3 Nf6 4. Nc3 dxc4 5. a4 e6 6. e4 (6. e3) (6. Bg5 b5 7.
axb5 cxb5 8. Nxb5 Qb6 9. Na3 Ne4 10. Nxc4 Qb4+ 11. Ncd2 Nxg5 12. Nxg5 Qxd4 13.
e3 Qd5 (13... Qd7 14. Qb3 Bb7 15. Bb5 $32 {Argandona Riveiro,I (2396)-Korneev,
O (2657) Elgoibar 16th 2006 (4) 1/2}) 14. Be2) 6... Bb4 7. Bg5 Bxc3+ 8. bxc3
Qa5 9. e5 Ne4 10. Bd2 c5 (10... Qd5) 11. Bxc4 Nxd2 12. Qxd2 cxd4 13. cxd4 (13.
Qxd4 Nc6 14. Qe3 Bd7 15. O-O Ne7 16. Bb5 Qc7 17. Rfd1 Bxb5 18. axb5 O-O 19.
Rac1 Nd5 20. Qd4 Rfd8 21. c4 Nb6 22. Qe4 Rxd1+ 23. Rxd1 h6 24. Rc1 Nd7 25. Qd4
Nc5 26. Rd1 a5 27. bxa6 bxa6 28. Qd6 Qa7 29. h3 Rc8 30. Nd4 Qb7 31. f3 Kh7 32.
Kh2 Qb4 33. Nc6 Qxc4 34. Rd4 Qc3 35. Rg4 Nb7 36. Qd7 Qxc6 37. Qxf7 Rg8 38. f4
Qe4 39. Qxe6 Nc5 40. Qd6 Nd3 41. e6 Nf2 42. Rh4 Re8 {Gupta,A (2652) -Eljanov,P
(2690) Moscow 2012 0-1}) 13... Nc6 14. Rb1 Ke7 15. Bb5 Qxd2+ 16. Kxd2 Bd7 17.
Ke3 a6 18. Bxc6 Bxc6 19. Rhc1 $14 {[%csl Rb7] Les Blancs ont un petit avantage
d'espace dans une finale agréable à jouer car les R Noires auront du mal à
s'activer} Rhc8 20. Ng5 $1 b5 (20... Bxg2 $6 21. f3 ) 21. axb5 axb5 22. Ne4 Ra3+ 23. Kf4 Bxe4 24. Kxe4 Rxc1 25. Rxc1
Kd7 26. Rc5 Rb3 27. f4 Rb2 $132 28. g4 b4 (28... Rxh2 29.
Rxb5 $11) 29. d5 b3 30. d6 Re2+ 31. Kd3 b2 32. Rc7+ $1 {Un coup intermédiaire
important pour repousser le K adverse sur la 08ème rangée avant d'attaquer
le P passé} Kd8 33. Rb7 Rxh2 34. Kc3 Rf2 35. Rxb2 Rxf4 36. g5 Re4 37. Rb8+ Kd7
38. Rb7+ Kc6 $4 {Zeitnot?} (38... Kd8 $8 39. Rxf7) 39. d7 (39. Rxf7) 39... Kxb7
40. d8=Q 1-0